 Seeded DCSS version 0.30-a0-652-gcc886f7154 (webtiles) character file.

Game seed: 20230117 (custom seed)

71 drewk1942 the Digger (level 4, 0/24 HPs)
             Began as a Gargoyle Earth Elementalist on Jan 17, 2023.
             Was an Initiate of Sif Muna.
             Killed from afar by an orc wizard (15 damage)
             ... with an iceblast
             ... on level 3 of the Dungeon.
             The game lasted 00:01:56 (2071 turns).

drewk1942 the Digger (Gargoyle Earth Elementalist)  Turns: 2071, Time: 00:01:57

Health: 0/24       AC:  5    Str: 12    XL:     4   Next: 24%
Magic:  7/8        EV: 11    Int: 17    God:    Sif Muna [......]
Gold:   159        SH:  0    Dex: 10    Spells: 7/8 levels left

rFire   . . .      SeeInvis .    h - +0 short sword
rCold   . . .      Faith    .    (no shield)
rNeg    + . .      Spirit   .    a - +0 robe
rPois   ∞          Reflect  .    (no helmet)
rElec   +          Harm     .    (no cloak)
rCorr   .          Rampage  .    (no gloves)
Will    .....                    (no boots)
Stlth   ++                       (no amulet)
HPRegen 0.24/turn                (no ring)
MPRegen 0.11/turn                (no ring)

@: no status effects
A: sickness immunity, AC +3, negative energy resistance 1, electricity
resistance, torment resistance 1, petrification resistance
a: Renounce Religion


You were on level 3 of the Dungeon.
You worshipped Sif Muna.
Sif Muna was noncommittal.
You visited 1 branch of the dungeon, and saw 3 of its levels.

You collected 159 gold pieces.

Inventory:

Hand Weapons
 h - a +0 short sword (weapon)
Armour
 a - a +0 robe (worn)
Scrolls
 c - a scroll of vulnerability {unknown}
 g - 3 scrolls of teleportation {unknown}
 i - 2 scrolls of blinking {unknown}
 k - 2 scrolls of noise {unknown}
 l - 3 scrolls of identify {unknown}
Potions
 b - 2 potions of magic
 d - a potion of might {unknown}
 e - a potion of haste {unknown}
 f - a potion of invisibility {unknown}
 j - a potion of lignification {unknown}
 m - a potion of curing {unknown}
 n - a potion of mutation {unknown}
 o - a potion of degeneration {unknown}
 p - a potion of ambrosia {unknown}
 q - 2 potions of flight {unknown}


   Skills:
 - Level 1.5 Dodging
 - Level 2.1 Stealth
 + Level 2.8 Spellcasting
 + Level 1.9 Transmutations
 + Level 4.5 Earth Magic


You had 7 spell levels left.
You knew the following spells:

 Your Spells              Type           Power      Damage    Failure   Level
a - Sandblast             Erth           36%        2d10      2%          1

Your spell library contained the following spells:

 Spells                   Type           Power      Damage    Failure   Level
 Passwall                 Tmut/Erth      10%        N/A       7%          2
 Stone Arrow              Conj/Erth      20%        3d8       21%         3
 Petrify                  Tmut/Erth      13%        N/A       43%         4


Dungeon Overview and Level Annotations

Branches:
Dungeon (3/15)

Altars:
Sif Muna


Innate Abilities, Weirdness & Mutations

You are immune to sickness and miasma.
Your stone body is resilient. (AC +3)
You are immune to poison.
You resist negative energy. (rN+)
You are resistant to electric shocks. (rElec)
You are resistant to unholy torment.
You are immune to petrification.


Message History

You now have 159 gold pieces (gained 7).
Found a pair of gloves.
q - 2 bubbling blue potions
k - 2 scrolls labelled FOCAURO COF (gained 1)
A kobold comes into view. It is wielding a +0 short sword.
Found a scroll labelled GOVORGH LEHECK.
A kobold is nearby!
An orc wizard comes into view.
It is wielding a +0 dagger and carrying a wand of iceblast (4).
Found a stone staircase leading down.
An orc comes into view. It is wielding a +0 club.
The blast of sand hits the kobold.
You kill the kobold!
Sif Muna accepts your kill.
The orc shouts!
The orc wizard shouts!
You hear a shout!
The orc wizard mumbles some strange words.
The orc wizard flickers and vanishes!
Deactivating autopickup; reactivate with Ctrl-A.
An orc comes into view. It is wielding a +0 hand axe.
The blast of sand hits the orc.
The orc is severely wounded.
You can't see any susceptible monsters within range! (Use Z to cast anyway.)
You can't see any susceptible monsters within range! (Use Z to cast anyway.)
You can't see any susceptible monsters within range! (Use Z to cast anyway.)
Something hits you.
You closely miss the orc. Something hits you but does no damage.
The orc hits you but does no damage.
You hit the orc but do no damage.
You hear a zap.
An iceblast appears from out of thin air!
The mass of ice explodes!
The iceblast engulfs you!
The iceblast engulfs something!
The iceblast engulfs the orc!
The orc dies!
You barely miss the orc.
The orc is severely wounded.
The orc closely misses you.
You hear a zap.
An iceblast appears from out of thin air!
The mass of ice explodes!
The iceblast engulfs you!
Ouch! That really hurt!
You die...

#......###.....#
#.........
#......[##...#.##
#.....###.
#.....#.##.#....#
#.....# ♣.
#.....#..#......#
#.....#♣♣.
#......#.#####..#
#.......). ######.
.. ##.# ##.##.#♣♣.
. #.. #.## #. #.#
♣. #.. #{.# ..
#####. #..#@# ###
#.##. ##...o....#
#.### ###).....#
#.# #
..#.....######.###
#...###>.#........
##.?. #.......<..
. .. ...........
#....<.#........ .
#........


You could see an orc.

Vanquished Creatures
  3 adders (D:2)
  A worm (D:2)
  2 dart slugs
  A ball python (D:1)
  7 endoplasms
  2 goblins
  4 hobgoblins
  2 quokkas
  3 bats
  4 kobolds
  6 rats
35 creatures vanquished.

Vanquished Creatures (others)
  An orc (D:3)
1 creature vanquished.

Grand Total: 36 creatures vanquished

Notes
Turn   | Place    | Note
-------+----------+-------------------------------------------
     0 | D:1      | drewk1942 the Gargoyle Earth Elementalist began the quest
                  | for the Orb.
     0 | D:1      | Reached XP level 1. HP: 10/10 MP: 3/3
   251 | D:1      | Reached skill level 1 in Transmutations
   300 | D:1      | Reached XP level 2. HP: 15/15 MP: 5/5
   653 | D:1      | Reached skill level 4 in Earth Magic
  1089 | D:2      | Reached XP level 3. HP: 19/19 MP: 3/6
  1499 | D:2      | Reached XP level 4. HP: 24/24 MP: 6/8
  1866 | D:3      | Found a shimmering blue altar of Sif Muna.
  1881 | D:3      | Became a worshipper of Sif Muna the Loreminder
  2071 | D:3      | Killed from afar by an orc wizard

Illustrated notes

Levels and vault maps discovered:
D:1:      nicolae_arrival_somewhat_less_tricky_arrival, layout_basic,
          grunt_decor_mini_mirrors, minmay_tetromino_t2
D:2:      layout_basic, hangedman_abyss_or_decor_lesser_grid
D:3:      layout_rooms, old_standard_altar, shapermc_ecumenical_altar_petra,
          minmay_tree_intersection

Skill      XL: |  1  2 |
---------------+-------+-----
Transmutations | 1 |  1.9
Earth Magic    | 4 |  4.5
Dodging        | |  1.5
Stealth        | |  2.1
Spellcasting   | |  2.8

Action                   |  1- 3 |  4- 6 || total
-------------------------+-------+-------++-------
Melee: Unarmed           |    28 |       ||    28
       Short sword       |     1 |     3 ||     4
 Cast: Sandblast         |    36 |    12 ||    48
 Stab: Sleeping          |     1 |       ||     1
Armor: Robe              |    20 |     2 ||    22
Dodge: Dodged            |    40 |     3 ||    43

Table legend: (Time is in decaauts)
 A = Elapsed time spent in this place.
 B = Non-inter-level travel time spent in this place.
 C = Inter-level travel time spent in this place.
 D = Time resting spent in this place.
 E = Time spent auto-exploring this place.
 F = Levels seen in this place.
 G = Mean time per level.
                   A        B        C        D        E       F      G
               +--------+--------+--------+--------+--------+-----+--------+
         Total |   2094 |   2031 |     63 |      0 |   1783 |   3 |  698.0 |
       Dungeon |   2094 |   2031 |     63 |      0 |   1783 |   3 |  698.0 |
               +--------+--------+--------+--------+--------+-----+--------+

Top non-repeatable levels by time:
     D:1: 1032 daAuts
     D:2: 818 daAuts
     D:3: 243 daAuts
